 Dungeon Crawl Stone Soup version 0.16.1-16-gc44b35d (webtiles) character file.

867 hulla the Changer (level 8, -6/54 HPs)
             Began as an Octopode Transmuter on Apr 16, 2015.
             Mangled by an ogre
             ... wielding a +0 giant club
              (29 damage)
             ... on level 5 of the Dungeon.
             The game lasted 00:33:55 (6613 turns).

hulla the Changer (Octopode Transmuter)             Turns: 6613, Time: 00:33:55

Health: -6/54      AC:  2    Str:  9    XL:     8   Next: 3%
Magic:  11/13      EV: 23    Int: 17    God:
Gold:   297        SH:  0    Dex: 22    Spells: 4 memorised, 1 level left

rFire  . . .     SeeInvis .     a - melded +3 hunting sling (flame)
rCold  . . .     Clarity  +     (shield currently unavailable)
rNeg   . . .     SustAb   .     (helmet currently unavailable)
rPois  x         Gourm    .     v - amulet of clarity
rElec  .         Spirit   .     k - +3 ring of evasion
rCorr  .         Warding  .     r - +4 ring of dexterity
rMut   .         Stasis   .     e - ring of invisibility
MR     .....                    (no ring)
Stlth  ++........               (no ring)
                                (no ring)
                                (no ring)
                                (no ring)

@: spider-form, not resistant to hostile enchantments, unstealthy
A: almost no armour, amphibious, 8 rings, (constrict 8), (camouflage 0),
(gelatinous body 0)
a: End Transformation, Evoke Invisibility


You were on level 5 of the Dungeon.
You were not hungry.
You were a venomous arachnid creature.
You visited 2 branches of the dungeon, and saw 6 of its levels.

You collected 297 gold pieces.

Inventory:

Hand weapons
 a - a +3 hunting sling of flaming (melded)
 h - a +4 short sword
 t - a +0 spear
Missiles
 b - 27 arrows
 j - 11 sling bullets of flame
 n - 35 stones (quivered)
 p - 22 poisoned needles
Jewellery
 e - a ring of invisibility (on tentacle)
 k - a +3 ring of evasion (left front leg)
 r - a +4 ring of dexterity (right front leg)
 v - an amulet of clarity (around neck)
 y - an uncursed amulet of faith
Magical devices
 i - a wand of enslavement (8)
 x - a wand of digging (24)
Scrolls
 f - 2 scrolls of identify
 o - 2 scrolls of remove curse
 z - 2 scrolls of amnesia
Potions
 c - a potion of might
 g - a potion of poison {unknown}
 l - a potion of heal wounds {unknown}
 s - a potion of cancellation {unknown}
 A - a potion of restore abilities
 B - 2 potions of brilliance
 D - a potion of curing
Books
 d - a book of Changes

   Spells                             Type                      Level
   a - Beastly Appendage              Transmutation                1
   b - Sticks to Snakes               Transmutation                2
   c - Spider Form                    Transmutation/Poison         3
   d - Ice Form                       Ice/Transmutation            4
   e - Blade Hands                    Transmutation                5
Comestibles
 m - a beef jerky
 q - 4 meat rations
 u - 5 bread rations
 w - 2 royal jellies
 C - 4 chunks of flesh


   Skills:
 - Level 4.4 Fighting
 - Level 2.0 Dodging
 - Level 4.2 Unarmed Combat
 - Level 2.0 Spellcasting
 + Level 4.8 Transmutations
 * Level 3.9 Ice Magic
 - Level 3.3 Poison Magic


You had one spell level left.
You knew the following spells:

 Your Spells              Type           Power        Failure   Level  Hunger
a - Beastly Appendage     Trmt           ###...       10%         1    #......
b - Spider Form           Trmt/Pois      ###.......   28%         3    ###....
c - Sticks to Snakes      Trmt           ###.......   14%         2    ###....
d - Ice Form              Ice/Trmt       ###.....     61%         4    #####..


Dungeon Overview and Level Annotations

Branches:
Dungeon (5/15)             Temple (1/1) D:4

Altars:
Ashenzari
Cheibriados
Dithmenos
Elyvilon
Fedhas
Gozag
Kikubaaqudgha
Nemelex Xobeh
Okawaru
Ru
Sif Muna
Trog
Xom
Yredelemnul
Zin

Shops:
D:5 *

Annotations:
D:4 Duvessa; Rayvis' ghost, average MiFi


Innate Abilities, Weirdness & Mutations

You cannot wear most types of armour.
You are amphibious.
You can wear up to eight rings at the same time.
((You can use your tentacles to constrict many enemies at once.))
((Your skin changes colour to match your surroundings (Stealth).))
((Your rubbery body absorbs attacks (AC +1).))


Message History

You shoot a stone. The stone hits the ogre.
The stone burns the ogre.
The ogre is moderately wounded.
Casting: Spider Form
Confirm with . or Enter, or press ? or * to list all spells.
You turn into a venomous arachnid creature.
Your +3 hunting sling of flaming melds into your body.
Your +3 hunting sling of flaming stops flaming.
You bite the ogre!
The ogre is poisoned.
The ogre is severely wounded.
The ogre misses you.
You hit the ogre.
The ogre is almost dead.
The ogre hits you with a giant club!!
Ouch! That really hurt!
The ogre looks more healthy.
You barely miss the ogre.
The ogre is almost dead.
The ogre hits you with a giant club!!
Ouch! That really hurt!
You die...

########### #.s.......#
#)#O#####.# . ##.#.#[..#
..#. #..#.#.#.#
...###########..#.#.#.#
......))........#...#.#
##.##.#########.#####(#.
#.##.# #... ..#.# #.##.#
#.### #(#.#


You could see an ogre.

Vanquished Creatures
  A black bear (D:4)
  2 scorpions (D:5)
  A crimson imp (D:4)
  Dowan (D:4)
  3 hounds
  3 orc priests (D:5)
  2 giant frog skeletons
  A worker ant (D:5)
  4 orc wizards
  An iguana (D:5)
  7 adders
  A shadow imp (D:4)
  4 worms
  An adder skeleton (D:5)
  6 giant geckos
  3 oozes
  12 orcs
  14 bats
  A bat skeleton (D:4)
  4 giant cockroaches
  11 hobgoblins
  3 jackals (D:4)
  9 kobolds
  A ball python (D:3)
  4 giant newts
  4 goblins
  A quokka zombie (D:5)
  14 rats
119 creatures vanquished.

Notes
Turn   | Place    | Note
--------------------------------------------------------------
     0 | D:1      | hulla, the Octopode Transmuter, began the quest for the Orb.
     0 | D:1      | Reached XP level 1. HP: 13/13 MP: 3/3
   196 | D:1      | Reached XP level 2. HP: 5/18 MP: 4/4
  1032 | D:1      | Reached XP level 3. HP: 23/23 MP: 6/6
  1037 | D:1      | Learned a level 3 spell: Spider Form
  1040 | D:1      | Learned a level 2 spell: Sticks to Snakes
  1731 | D:2      | Reached skill level 4 in Transmutations
  1757 | D:2      | Reached skill level 1 in Poison Magic
  1757 | D:2      | Reached XP level 4. HP: 18/28 MP: 3/7
  2571 | D:3      | Reached XP level 5. HP: 25/33 MP: 6/9
  3084 | D:4      | Got a shimmering amethyst amulet
  3086 | D:4      | Identified the amulet "Iness" {Spirit rC+ Int-5 Dex+2 Stlth+} (You found it on level 4 of the Dungeon)
  3351 | D:4      | Noticed Duvessa
  3410 | D:4      | Reached XP level 6. HP: 35/42 MP: 0/10
  3494 | D:4      | Noticed Rayvis' ghost (average MiFi)
  3655 | D:4      | Found a staircase to the Ecumenical Temple.
  3664 | Temple   | Entered the Ecumenical Temple
  4106 | D:5      | Entered Level 5 of the Dungeon
  4177 | D:5      | Found a white marble altar of Elyvilon.
  4414 | D:4      | Found a deep blue altar of Sif Muna.
  4653 | D:4      | Noticed Dowan
  4678 | D:4      | Killed Dowan
  4678 | D:4      | Reached XP level 7. HP: 33/49 MP: 9/12
  4776 | D:4      | Learned a level 4 spell: Ice Form
  5123 | D:4      | Noticed a black bear
  5132 | D:4      | Killed a black bear
  5132 | D:4      | Reached skill level 1 in Ice Magic
  5981 | D:5      | Found a shattered altar of Ashenzari.
  5997 | D:5      | Found Gozag's Platinum Reserve.
  6001 | D:5      | Found an opulent altar of Gozag.
  6410 | D:5      | Reached XP level 8. HP: 46/54 MP: 13/13
  6613 | D:5      | Mangled by an ogre

Action                   |  1- 3 |  4- 6 |  7- 9 || total
-------------------------+-------+-------+-------++-------
Melee: Unarmed           |    33 |   141 |    64 ||   238
       Short sword       |    46 |    19 |       ||    65
 Fire: Hunting sling     |       |     7 |    28 ||    35
Throw: Stone             |     3 |     4 |       ||     7
 Cast: Beastly Appendage |    11 |     9 |     3 ||    23
       Spider Form       |     1 |    18 |     9 ||    28
       Sticks to Snakes  |       |     3 |     1 ||     4
 Abil: End Transformatio |       |       |     1 ||     1
  Use: Scroll            |     1 |    11 |     1 ||    13
       Potion            |     1 |       |     1 ||     2
 Stab: Sleeping          |     4 |     4 |       ||     8
       Confused          |       |     1 |       ||     1
  Eat: Chunk             |     3 |    12 |     7 ||    22
       Beef jerky        |       |       |     1 ||     1
